 Dungeon Crawl Stone Soup version 0.25.1-1-g288607f5aa (webtiles) character file.

Game seed: 311897485524105

4 Descartes the Charmwright (level 1, -2/9 HPs)
             Began as a Felid Wanderer on July 28, 2020.
             Slain by an ooze (5 damage)
             ... on level 1 of the Dungeon.
             The game lasted 00:00:47 (222 turns).

Descartes the Charmwright (Felid Wanderer)           Turns: 222, Time: 00:00:47

Health: -2/9       AC:  1    Str:  8    XL:     1   Next: 50%
Magic:  3/3        EV: 16    Int: 13    God:
Gold:   0          SH:  0    Dex: 15    Spells: 1/2 levels left
                                        Lives:  0   Deaths: 0

rFire    . . .     SeeInvis +     - Unarmed
rCold    . . .     Gourm    .   (shield unavailable)
rNeg     . . .     Faith    .   (armour unavailable)
rPois    .         Spirit   .   (helmet unavailable)
rElec    .         Reflect  .   (cloak unavailable)
rCorr    .         Harm     .   (gloves unavailable)
MR       .....                  (boots unavailable)
Stlth    ++........             (no amulet)
HPRegen  0.03/turn              (no ring)
MPRegen  0.08/turn              (no ring)

@: quick
A: very small, no armour, no weapons or thrown items, stealth, claws 1, fangs 3,
see invisible, carnivore, speed 1, shaggy fur 1, slow metabolism 1, sharp paws
a: no special abilities


You were on level 1 of the Dungeon.
You were full.

You visited 1 branch of the dungeon, and saw 2 of its levels.

Inventory:

Scrolls
 b - a scroll of remove curse {unknown}
 c - a scroll of teleportation
Miscellaneous
 a - a phial of floods
Comestibles
 d - a ration


   Skills:
 - Level 1.0 Fighting
 + Level 1.0 Dodging
 + Level 1.9 Stealth
 - Level 2.0 Unarmed Combat
 - Level 1.0 Spellcasting
   Level 2.4 Charms
   Level 1.7 Ice Magic
 - Level 1.1 Evocations


You had one spell level left.
You knew the following spells:

 Your Spells              Type           Power        Failure   Level  Hunger
a - Summon Small Mammal   Summ           #...         28%         1    ##.....

Your spell library contained the following spells:

 Spells                   Type           Power        Failure   Level  Hunger
 Summon Guardian Golem    Hex/Summ       #.......     63%         3    ####...


Dungeon Overview and Level Annotations

Branches:
Dungeon (2/15)

Altars:


Innate Abilities, Weirdness & Mutations

You cannot wear armour.
You are incapable of wielding weapons or throwing items.
Your paws allow you to move quietly. (Stealth)
You have sharp claws.
You have razor-sharp teeth.
You have supernaturally acute eyesight. (SInv)
You are carnivorous and can eat meat at any time.
You cover ground quickly.
You are covered in fur. (AC +1)
You have a slow metabolism.
Your sharp claws are effective at attacking unaware monsters.


Message History

The goblin hits you but does no damage.
You barely miss the goblin.
The goblin is severely wounded.
The goblin misses you.
You barely miss the goblin.
The goblin is severely wounded.
The goblin barely misses you.
You closely miss the goblin. You bite the goblin, but do no damage.
The goblin is severely wounded.
The ooze hits you. The goblin hits you but does no damage.
You miss the goblin.
The goblin is severely wounded.
The ooze hits you.
Ouch! That really hurt!
The goblin closely misses you.
You scratch the goblin but do no damage.
The goblin is severely wounded.
The goblin hits you but does no damage. The ooze hits you.
Ouch! That really hurt!
You die...

#.##.... .# #.#.... ...#
#..... .... #....# #.. #
#....## #.# .#
#...).###.###.#
#...#.(.......#
#..####...#...!.....###
#......@[##...).(.....##
......gJ..>...#.#####...
.......g.####........###
........................
(........##.........(...
....?.......##..........
........................
........##.##...(##.#...
. #....##.#...


You could see an ooze, a hobgoblin and a goblin.

Vanquished Creatures
  2 goblins (D:1)
  A kobold (D:1)
  A rat (D:1)
4 creatures vanquished.

Notes
Turn   | Place    | Note
-------+----------+-------------------------------------------
     0 | D:1      | Descartes the Felid Wanderer began the quest for the Orb.
     0 | D:1      | Descartes set off with the following items: a phial of
                  | floods, a scroll of teleportation, a ration; and the
                  | following spell memorised: Summon Small Mammal; and the
                  | following spells available to memorise: Summon Guardian
                  | Golem
     0 | D:1      | Reached XP level 1. HP: 9/9 MP: 3/3
     8 | D:1      | You fall into a shaft and drop 1 floor!
   144 | D:1      | Reached skill level 1 in Dodging
   222 | D:1      | Slain by an ooze

Illustrated notes

Levels and vault maps discovered:
D:1:      dpeg_arrival_shelter, layout_rooms
D:2:      minmay_door_path, layout_rooms

Skill      XL: |  1 |
---------------+----+-----
Dodging        | 1 |  1.0
Fighting       | |  1.0
Stealth        | |  1.9
Unarmed Combat | |  2.0
Spellcasting   | |  1.0
Charms         | |  2.4
Ice Magic      | |  1.7
Evocations     | |  1.1

Action                   || total
-------------------------++-------
Melee: Unarmed           ||    14
       Bite              ||     4
 Stab: Sleeping          ||     1
  Eat: Chunk             ||     2
Armor: Skin              ||     1
Dodge: Dodged            ||     7
